River Rats vs Little Stars
(R1)
Created - 3 mars 2013 at 19:05
Goals
|
| River Rats |
2 |
2 |
1 |
5 |
| Little Stars |
1 |
0 |
3 |
4 |
|
Shots
|
| River Rats |
12 |
10 |
12 |
34 |
| Little Stars |
11 |
11 |
13 |
35 |
|
1st period
1. River Rats , Lee Stempniak 21 (Dustin Boyd, Martin Grenier) at 9:30
2. Little Stars , Steve Regier 22 (Krys Kolanos, Tim Ramholt) at 10:57 (PP)
3. River Rats , Kyle Chipchura 2 (Trent Hunter, Jay Beagle) at 13:51
Penalties :
Jack Skille (Tex) for Fighting (Major) at 9:43, Mikael Renberg (Alb) for Fighting (Major) at 9:43, Mikael Renberg (Alb) for instigated a fight (Minor) at 9:43, Mikael Renberg (Alb) for instigated a fight (10 Minutes Misconduct) at 9:43, Patrick O'Sullivan (Tex) for Fighting (Major) at 13:52, Josh Gratton (Alb) for Fighting (Major) at 13:52
2nd period
4. River Rats , Trent Hunter 8 (Kyle Chipchura) at 2:52
5. River Rats , Brett Maclean 14 (Sasha Pokulok, Tyler Bozak) at 12:33
Penalties :
Boris Valabik (Tex) for Hooking (Minor) at 0:12, Bryan Bickell (Alb) for Hooking (Minor) at 0:12, Hugh Jessiman (Tex) for Delaying the game (Minor) at 3:27, Bryan Bickell (Alb) for Slashing (Minor) at 3:27, Jay Beagle (Alb) for Holding (Minor) at 9:47, Jack Skille (Tex) for Slashing (Minor) at 15:03
3rd period
6. River Rats , Benn Ferriero 6 (Jay Beagle) at 1:58
7. Little Stars , Krys Kolanos 20 (Steve Regier) at 3:52
8. Little Stars , Krys Kolanos 21 (Steve Regier) at 4:31
9. Little Stars , Jack Skille 15 (Greg Stewart, Patrick O'Sullivan) at 12:55 (PP)
Penalties :
Sasha Pokulok (Alb) for Roughing (Minor) at 7:18, Tyler Bozak (Alb) for Hooking (Minor) at 12:41, Yanick Lehoux (Tex) for Holding (Minor) at 15:02, Bryan Bickell (Alb) for Roughing (Minor) at 15:02, Yanick Lehoux (Tex) for Slashing (Minor) at 17:33
Goalie Stats
Barry Brust (Alb), 31 saves from 35 shots - (0,886), W, 5-2-2, 60:00 minutes
Alex Auld (Tex), 14 saves from 15 shots - (0,933), L, 6-10-2, 27:27 minutes
Philippe Sauvé (Tex), 15 saves from 19 shots - (0,789), 32:33 minutes
Players Stats for River Rats
Player Name G A P +/- PIM S H SB GA TA FO MP PP MP PK MP
------------------------------------------------------------------------------------
Benn Ferriero 1 0 1 1 0 2 0 0 2 0 5/9 8:18 0:00 0:00
Brett Maclean 1 0 1 0 0 1 1 1 1 0 1/1 13:53 1:26 0:00
Bryan Bickell 0 0 0 1 6 0 2 0 0 0 0/0 14:48 0:05 1:45
Bryan Rodney 0 0 0 1 0 2 0 0 0 0 0/0 12:49 0:00 0:11
Dustin Boyd 0 1 1 1 0 4 0 0 0 0 14/27 21:29 2:27 1:39
Jay Beagle 0 2 2 1 2 0 0 0 0 0 0/0 11:05 0:05 0:00
Jesse Joensuu 0 0 0 1 0 1 1 0 0 0 1/1 7:47 0:05 0:00
Jonathan Ericsson 0 0 0 1 0 2 0 1 1 1 0/0 24:46 2:52 2:50
Josh Gratton 0 0 0 1 5 2 3 2 0 0 1/2 18:09 2:27 0:15
Josh Meyers 0 0 0 1 0 0 0 0 0 0 0/0 10:45 0:00 0:51
Kyle Chipchura 1 1 2 1 0 1 0 0 0 0 5/8 10:32 0:00 3:07
Lee Stempniak 1 0 1 1 0 8 3 1 1 1 1/3 23:24 2:27 1:46
Martin Grenier 0 1 1 1 0 3 2 0 1 1 0/0 22:57 1:06 2:36
Mikael Renberg 0 0 0 0 17 4 1 2 0 0 0/0 13:50 1:26 2:16
Niklas Hjalmarsson 0 0 0 1 0 0 3 3 1 0 0/0 25:25 1:06 2:50
Sasha Pokulok 0 1 1 1 2 1 0 1 0 1 0/0 23:22 2:52 1:34
Trent Hunter 1 1 2 1 0 3 0 0 2 0 0/0 7:25 0:00 0:00
Tyler Bozak 0 1 1 0 2 0 1 0 1 0 9/20 17:45 1:26 0:04
Players Stats for Little Stars
Player Name G A P +/- PIM S H SB GA TA FO MP PP MP PK MP
------------------------------------------------------------------------------------
Boris Valabik 0 0 0 -1 2 2 5 4 0 4 0/0 27:55 3:46 1:25
Brad Isbister 0 0 0 -1 0 4 1 0 0 0 0/0 12:21 0:09 0:53
Clay Wilson 0 0 0 0 0 0 1 0 0 1 0/0 19:56 1:40 1:25
Cody Bass 0 0 0 -1 0 2 1 1 0 0 2/3 13:35 0:00 0:53
Greg Stewart 0 1 1 0 0 3 1 0 1 0 0/1 22:57 2:35 2:26
Hugh Jessiman 0 0 0 0 2 1 0 0 0 0 0/0 13:55 0:09 0:00
Ivan Majesky 0 0 0 0 0 2 0 0 0 1 0/0 22:13 1:40 2:33
Jack Skille 1 0 1 0 7 4 2 0 1 1 0/1 16:05 2:16 0:00
Krys Kolanos 2 1 3 0 0 5 2 2 1 1 11/23 20:24 3:01 2:26
Matt D'Agostini 0 0 0 -1 0 1 0 0 0 0 1/2 9:32 0:00 0:00
Matt Pelech 0 0 0 -2 0 0 4 0 0 0 0/0 10:22 0:00 0:00
Oskar Osala 0 0 0 -2 0 0 0 0 0 0 0/0 9:01 0:09 0:00
Patrick O'Sullivan 0 1 1 0 5 4 0 1 0 0 19/38 19:43 2:35 0:39
Steve Regier 1 2 3 0 0 4 0 0 0 0 1/2 17:23 2:42 0:39
Tim Ramholt 0 1 1 -1 0 2 0 2 0 1 0/0 30:40 3:46 2:33
Troy Bodie 0 0 0 -2 0 0 1 0 0 0 0/0 8:25 2:42 0:00
Tyler Eckford 0 0 0 -2 0 1 0 0 0 1 0/0 9:24 0:00 0:00
Yanick Lehoux 0 0 0 -2 4 0 0 0 1 0 0/1 6:07 0:00 0:00
3 Stars
1 - Krys Kolanos (Tex)
2 - Steve Regier (Tex)
3 - Kyle Chipchura (Alb)
Power Play
River Rats - 0 on 2 Attempt(s) - 0,00%
Little Stars - 2 on 4 Attempt(s) - 50,00%
Penalty Kill
River Rats - 2 on 4 Attempt(s) - 50,00%
- Score 0 goal in Penalty Kill
Little Stars - 2 on 2 Attempt(s) - 100,00%
- Score 0 goal in Penalty Kill
Official
Referees : Rehman Kyle and Pochmara Brian
Linesman : Bryan Pancich and Don Henderson
Game Notes
Jack Skille and Mikael Renberg fight to a draw at 9:43 of 1st period
Patrick O'Sullivan and Josh Gratton fight to a draw at 13:52 of 1st period
Alex Auld enters game at 12:33 of 2nd period
River Rats
5 vs 5 Forward
Center Left Wing Right Wing Time % Phy DF OF
1 Dustin Boyd Josh Gratton Lee Stempniak 40 0 2 3
2 Tyler Bozak Brett Maclean Mikael Renberg 30 0 2 3
3 Benn Ferriero Bryan Bickell Jay Beagle 20 1 2 2
4 Kyle Chipchura Jesse Joensuu Trent Hunter 10 1 2 2
5 vs 5 Defense
Defense Defense Time % Phy DF OF
1 Niklas Hjalmarsson Martin Grenier 40 1 2 2
2 Jonathan Ericsson Sasha Pokulok 30 1 2 2
3 Josh Meyers Bryan Rodney 20 1 2 2
4 Niklas Hjalmarsson Bryan Rodney 10 1 2 2
PowerPlay Forward
Center Left Wing Right Wing Time % Phy DF OF
1 Dustin Boyd Josh Gratton Lee Stempniak 60 1 2 2
2 Tyler Bozak Brett Maclean Mikael Renberg 40 1 2 2
PowerPlay Defense
Defense Defense Time % Phy DF OF
1 Sasha Pokulok Jonathan Ericsson 60 1 2 2
2 Niklas Hjalmarsson Martin Grenier 40 1 2 2
Penalty Kill 4 Players Forward
Center Wing Time % Phy DF OF
1 Kyle Chipchura Mikael Renberg 60 1 2 2
2 Dustin Boyd Lee Stempniak 40 1 2 2
Penalty Kill 4 Players Defense
Defense Defense Time % Phy DF OF
1 Jonathan Ericsson Niklas Hjalmarsson 60 1 2 2
2 Sasha Pokulok Martin Grenier 40 1 2 2
Penalty Kill - 3 Players Forward
Forward Time % Phy DF OF
1 Kyle Chipchura 60 1 2 2
2 Mikael Renberg 40 1 2 2
Penalty Kill - 3 Players Defense
Defense Defense Time % Phy DF OF
1 Martin Grenier Niklas Hjalmarsson 60 1 2 2
2 Sasha Pokulok Jonathan Ericsson 40 1 2 2
4 vs 4 Forward
Center Wing Time % Phy DF OF
1 Tyler Bozak Lee Stempniak 60 1 2 2
2 Dustin Boyd Josh Gratton 40 1 2 2
4 vs 4 Defense
Defense Defense Time % Phy DF OF
1 Sasha Pokulok Jonathan Ericsson 60 1 2 2
2 Niklas Hjalmarsson Martin Grenier 40 1 2 2
Last Minutes Offensive
Center Left Wing Right Wing Defense Defense
Dustin Boyd Josh Gratton Lee Stempniak Jonathan Ericsson Martin Grenier
Last Minutes Defensive
Center Left Wing Right Wing Defense Defense
Dustin Boyd Josh Gratton Lee Stempniak Jonathan Ericsson Martin Grenier
Goaltenders
Starting : Barry Brust
Backup : Jeff Glass
Extra Forwards
Normal : Bryan Bickell, Brett Maclean, Mikael Renberg - PP : Bryan Bickell, Brett Maclean - PK : Lee Stempniak
Extra Defensemen
Normal : Martin Grenier, Josh Meyers, Sasha Pokulok - PP : Bryan Rodney - PK : Josh Meyers, Sasha Pokulok
Penalty Shots
Lee Stempniak, Mikael Renberg, Dustin Boyd, Brett Maclean, Benn Ferriero
Little Stars
5 vs 5 Forward
Center Left Wing Right Wing Time % Phy DF OF
1 Patrick O'Sullivan Greg Stewart Jack Skille 40 1 2 2
2 Krys Kolanos Steve Regier Hugh Jessiman 30 1 2 2
3 Cody Bass Brad Isbister Matt D'Agostini 20 1 2 2
4 Yanick Lehoux Oskar Osala Troy Bodie 10 1 2 2
5 vs 5 Defense
Defense Defense Time % Phy DF OF
1 Boris Valabik Tim Ramholt 40 1 2 2
2 Clay Wilson Ivan Majesky 30 1 2 2
3 Matt Pelech Tyler Eckford 20 1 2 2
4 Boris Valabik Tim Ramholt 10 1 2 2
PowerPlay Forward
Center Left Wing Right Wing Time % Phy DF OF
1 Patrick O'Sullivan Greg Stewart Jack Skille 60 1 2 2
2 Krys Kolanos Steve Regier Troy Bodie 40 1 2 2
PowerPlay Defense
Defense Defense Time % Phy DF OF
1 Boris Valabik Tim Ramholt 60 1 2 2
2 Clay Wilson Ivan Majesky 40 1 2 2
Penalty Kill 4 Players Forward
Center Wing Time % Phy DF OF
1 Krys Kolanos Greg Stewart 60 1 2 2
2 Patrick O'Sullivan Steve Regier 40 1 2 2
Penalty Kill 4 Players Defense
Defense Defense Time % Phy DF OF
1 Ivan Majesky Tim Ramholt 60 1 2 2
2 Clay Wilson Boris Valabik 40 1 2 2
Penalty Kill - 3 Players Forward
Forward Time % Phy DF OF
1 Greg Stewart 60 1 2 2
2 Steve Regier 40 1 2 2
Penalty Kill - 3 Players Defense
Defense Defense Time % Phy DF OF
1 Ivan Majesky Tim Ramholt 60 1 2 2
2 Clay Wilson Boris Valabik 40 1 2 2
4 vs 4 Forward
Center Wing Time % Phy DF OF
1 Patrick O'Sullivan Greg Stewart 60 1 2 2
2 Krys Kolanos Steve Regier 40 1 2 2
4 vs 4 Defense
Defense Defense Time % Phy DF OF
1 Boris Valabik Tim Ramholt 60 1 2 2
2 Clay Wilson Ivan Majesky 40 1 2 2
Last Minutes Offensive
Center Left Wing Right Wing Defense Defense
Patrick O'Sullivan Steve Regier Jack Skille Boris Valabik Tim Ramholt
Last Minutes Defensive
Center Left Wing Right Wing Defense Defense
Krys Kolanos Greg Stewart Hugh Jessiman Ivan Majesky Tim Ramholt
Goaltenders
Starting : Philippe Sauvé
Backup : Alex Auld
Extra Forwards
Normal : Krys Kolanos, Oskar Osala, Cody Bass - PP : Krys Kolanos, Oskar Osala - PK : Krys Kolanos
Extra Defensemen
Normal : Ivan Majesky, Matt Pelech, Boris Valabik - PP : Ivan Majesky - PK : Ivan Majesky, Matt Pelech
Penalty Shots
Patrick O'Sullivan, Steve Regier, Krys Kolanos, Cody Bass, Greg Stewart
% Time on Ice - River Rats
Lines # - Real PCT - Wanted PCT - Time Play
Normal Forward
1 - 38% - 40% - 16:41
2 - 27% - 30% - 11:54
3 - 19% - 20% - 8:18
4 - 17% - 10% - 7:25
Normal Defense
1 - 41% - 40% - 18:09
2 - 31% - 30% - 13:31
3 - 21% - 20% - 9:08
4 - 8% - 10% - 3:30
PP Forward
1 - 64% - 60% - 2:32
2 - 36% - 40% - 1:26
PP Defense
1 - 72% - 60% - 2:52
2 - 28% - 40% - 1:06
PK Forward
1 - 86% - 60% - 4:40
2 - 14% - 40% - 0:46
PK Defense
1 - 52% - 60% - 2:50
2 - 48% - 40% - 2:36
PK3 Forward
1 - 0% - 60%
2 - 0% - 40%
PK3 Defense
1 - 0% - 60%
2 - 0% - 40%
44 Forward
1 - 74% - 60% - 4:24
2 - 26% - 40% - 1:33
44 Defense
1 - 67% - 60% - 4:00
2 - 33% - 40% - 1:57
Last Minute Offensive - 0:00
Last Minute Defensive - 0:21
Total
Forward - 60:00
Defense - 60:00
|
% Time on Ice - Little Stars
Lines # - Real PCT - Wanted PCT - Time Play
Normal Forward
1 - 37% - 40% - 16:28
2 - 28% - 30% - 12:25
3 - 21% - 20% - 9:32
4 - 13% - 10% - 5:56
Normal Defense
1 - 42% - 40% - 18:41
2 - 33% - 30% - 14:29
3 - 21% - 20% - 9:24
4 - 4% - 10% - 1:47
PP Forward
1 - 50% - 60% - 2:44
2 - 50% - 40% - 2:42
PP Defense
1 - 69% - 60% - 3:46
2 - 31% - 40% - 1:40
PK Forward
1 - 84% - 60% - 3:19
2 - 16% - 40% - 0:39
PK Defense
1 - 64% - 60% - 2:33
2 - 36% - 40% - 1:25
PK3 Forward
1 - 0% - 60%
2 - 0% - 40%
PK3 Defense
1 - 0% - 60%
2 - 0% - 40%
44 Forward
1 - 78% - 60% - 4:38
2 - 22% - 40% - 1:19
44 Defense
1 - 76% - 60% - 4:33
2 - 24% - 40% - 1:24
Last Minute Offensive - 0:18
Last Minute Defensive - 0:00
Total
Forward - 60:00
Defense - 60:00
|
Play by Play
1st period
0:01 of 1st period - Patrick O'Sullivan wins face-off versus Dustin Boyd in neutral zone.
0:07 of 1st period - Slapshot by Tim Ramholt.
0:07 of 1st period - Shot Blocked by Niklas Hjalmarsson.
0:09 of 1st period - Slapshot by Tim Ramholt.
0:09 of 1st period - Stopped by Barry Brust with a rebound.
0:29 of 1st period - Snap shot by Brad Isbister.
0:29 of 1st period - Stopped by Barry Brust without a rebound.
0:30 of 1st period - Matt D'Agostini wins face-off versus Tyler Bozak in River Rats zone.
0:33 of 1st period - Wrist shot by Clay Wilson.
0:33 of 1st period - Shot Misses the Net.
0:35 of 1st period - Wrist shot by Brad Isbister.
0:35 of 1st period - Stopped by Barry Brust with a rebound.
0:39 of 1st period - Snap shot by Cody Bass.
0:39 of 1st period - Stopped by Barry Brust without a rebound.
0:40 of 1st period - Krys Kolanos wins face-off versus Tyler Bozak in River Rats zone.
1:32 of 1st period - Trent Hunter is hit by Matt Pelech and loses puck.
1:57 of 1st period - Brad Isbister is hit by Lee Stempniak and loses puck.
2:14 of 1st period - Wrist shot by Mikael Renberg.
2:14 of 1st period - Stopped by Philippe Sauvé with a rebound.
2:16 of 1st period - Snap shot by Bryan Rodney.
2:16 of 1st period - Stopped by Philippe Sauvé with a rebound.
2:18 of 1st period - Snap shot by Bryan Rodney.
2:18 of 1st period - Stopped by Philippe Sauvé without a rebound.
2:19 of 1st period - Tyler Bozak wins face-off versus Patrick O'Sullivan in Little Stars zone.
2:20 of 1st period - Slapshot by Mikael Renberg.
2:20 of 1st period - Deflect By Greg Stewart.
2:20 of 1st period - Stopped by Philippe Sauvé with a rebound.
2:22 of 1st period - Slapshot by Mikael Renberg.
2:22 of 1st period - Stopped by Philippe Sauvé without a rebound.
2:23 of 1st period - Patrick O'Sullivan wins face-off versus Benn Ferriero in Little Stars zone.
2:26 of 1st period - Wrist shot by Benn Ferriero.
2:26 of 1st period - Stopped by Philippe Sauvé without a rebound.
2:27 of 1st period - Benn Ferriero wins face-off versus Patrick O'Sullivan in Little Stars zone.
3:00 of 1st period - Snap shot by Dustin Boyd.
3:00 of 1st period - Stopped by Philippe Sauvé without a rebound.
3:01 of 1st period - Tyler Bozak wins face-off versus Patrick O'Sullivan in Little Stars zone.
3:28 of 1st period - Tim Ramholt is hit by Lee Stempniak and loses puck.
4:10 of 1st period - Martin Grenier is hit by Brad Isbister and loses puck.
4:29 of 1st period - Patrick O'Sullivan is hit by Tyler Bozak and loses puck.
4:34 of 1st period - Slapshot by Mikael Renberg.
4:34 of 1st period - Stopped by Philippe Sauvé with a rebound.
4:36 of 1st period - Slapshot by Martin Grenier.
4:36 of 1st period - Stopped by Philippe Sauvé without a rebound.
4:37 of 1st period - Krys Kolanos wins face-off versus Josh Gratton in Little Stars zone.
4:44 of 1st period - Slapshot by Steve Regier.
4:44 of 1st period - Shot Blocked by Lee Stempniak.
4:46 of 1st period - Snap shot by Hugh Jessiman.
4:46 of 1st period - Stopped by Barry Brust without a rebound.
4:47 of 1st period - Dustin Boyd wins face-off versus Steve Regier in River Rats zone.
5:09 of 1st period - Wrist shot by Krys Kolanos.
5:09 of 1st period - Stopped by Barry Brust without a rebound.
5:10 of 1st period - Patrick O'Sullivan wins face-off versus Tyler Bozak in River Rats zone.
5:35 of 1st period - Niklas Hjalmarsson is hit by Boris Valabik and loses puck.
6:43 of 1st period - Mikael Renberg is hit by Greg Stewart and loses puck.
7:52 of 1st period - Slapshot by Patrick O'Sullivan.
7:52 of 1st period - Stopped by Barry Brust with a rebound.
8:02 of 1st period - Wrist shot by Krys Kolanos.
8:02 of 1st period - Shot Blocked by Mikael Renberg.
8:04 of 1st period - Backhand shot by Tyler Eckford.
8:04 of 1st period - Shot Misses the Net.
8:06 of 1st period - Slapshot by Tyler Eckford.
8:06 of 1st period - Stopped by Barry Brust with a rebound.
8:08 of 1st period - Snap shot by Hugh Jessiman.
8:08 of 1st period - Shot Misses the Net.
8:10 of 1st period - Snap shot by Hugh Jessiman.
8:10 of 1st period - Shot Misses the Net.
8:12 of 1st period - Snap shot by Hugh Jessiman.
8:12 of 1st period - Shot Blocked by Niklas Hjalmarsson.
8:43 of 1st period - Snap shot by Dustin Boyd.
8:43 of 1st period - Deflect By Boris Valabik.
8:43 of 1st period - Shot Blocked by Boris Valabik.
8:43 of 1st period - Puck is out of play.
8:44 of 1st period - Dustin Boyd wins face-off versus Patrick O'Sullivan in Little Stars zone.
8:55 of 1st period - Lee Stempniak is hit by Matt Pelech and loses puck.
9:30 of 1st period - Wrist shot by Lee Stempniak.
9:30 of 1st period - Goal by Lee Stempniak - River Rats : 1 - Little Stars : 0.
9:31 of 1st period - Tyler Bozak wins face-off versus Jack Skille in neutral zone.
9:43 of 1st period - Jack Skille and Mikael Renberg fight to a draw.
9:43 of 1st period - Penalty to Jack Skille for Fighting.
9:43 of 1st period - Penalty to Mikael Renberg for Fighting.
9:43 of 1st period - Penalty to Mikael Renberg for instigated a fight.
9:43 of 1st period - Penalty to Mikael Renberg for instigated a fight.
9:44 of 1st period - Patrick O'Sullivan wins face-off versus Kyle Chipchura in neutral zone.
10:57 of 1st period - Snap shot by Steve Regier.
10:57 of 1st period - Goal by Steve Regier - River Rats : 1 - Little Stars : 1.
10:58 of 1st period - Lee Stempniak wins face-off versus Patrick O'Sullivan in neutral zone.
11:01 of 1st period - Greg Stewart is hit by Martin Grenier and loses puck.
13:14 of 1st period - Tim Ramholt is hit by Niklas Hjalmarsson and loses puck.
13:33 of 1st period - Slapshot by Boris Valabik.
13:33 of 1st period - Deflect By Matt D'Agostini.
13:33 of 1st period - Stopped by Barry Brust with a rebound.
13:51 of 1st period - Wrist shot by Kyle Chipchura.
13:51 of 1st period - Goal by Kyle Chipchura - River Rats : 2 - Little Stars : 1.
13:52 of 1st period - Patrick O'Sullivan wins face-off versus Dustin Boyd in neutral zone.
13:52 of 1st period - Patrick O'Sullivan and Josh Gratton fight to a draw.
13:52 of 1st period - Penalty to Patrick O'Sullivan for Fighting.
13:52 of 1st period - Penalty to Josh Gratton for Fighting.
13:53 of 1st period - Dustin Boyd wins face-off versus Krys Kolanos in neutral zone.
13:58 of 1st period - Wrist shot by Lee Stempniak.
13:58 of 1st period - Stopped by Philippe Sauvé with a rebound.
14:53 of 1st period - Slapshot by Brad Isbister.
14:53 of 1st period - Shot Hit the Post.
16:16 of 1st period - Niklas Hjalmarsson is hit by Matt Pelech and loses puck.
17:49 of 1st period - Icing by Jack Skille.
17:50 of 1st period - Krys Kolanos wins face-off versus Dustin Boyd in Little Stars zone.
17:55 of 1st period - Wrist shot by Hugh Jessiman.
17:55 of 1st period - Deflect By Krys Kolanos.
17:55 of 1st period - Stopped by Barry Brust with a rebound.
18:36 of 1st period - Jonathan Ericsson is hit by Boris Valabik and loses puck.
19:03 of 1st period - Troy Bodie is hit by Jesse Joensuu and loses puck.
19:43 of 1st period - 10 Minutes Game Misconduct Penalty to Mikael Renberg is over.
19:48 of 1st period - Wrist shot by Brad Isbister.
19:48 of 1st period - Shot Misses the Net.
2nd period
0:01 of 2nd period - Benn Ferriero wins face-off versus Patrick O'Sullivan in neutral zone.
0:12 of 2nd period - Minor Penalty to Boris Valabik for Hooking.
0:12 of 2nd period - Minor Penalty to Bryan Bickell for Hooking.
0:13 of 2nd period - Patrick O'Sullivan wins face-off versus Tyler Bozak in River Rats zone.
0:26 of 2nd period - Wrist shot by Greg Stewart.
0:26 of 2nd period - Shot Misses the Net.
0:28 of 2nd period - Slapshot by Ivan Majesky.
0:28 of 2nd period - Stopped by Barry Brust with a rebound.
0:41 of 2nd period - Icing by Jonathan Ericsson.
0:42 of 2nd period - Patrick O'Sullivan wins face-off versus Tyler Bozak in River Rats zone.
1:24 of 2nd period - Greg Stewart is hit by Lee Stempniak and loses puck.
2:10 of 2nd period - Dustin Boyd is hit by Matt Pelech.
2:12 of 2nd period - Penalty to Boris Valabik is over, Boris Valabik is back on ice.
2:12 of 2nd period - Penalty to Bryan Bickell is over, Bryan Bickell is back on ice.
2:26 of 2nd period - Backhand shot by Jonathan Ericsson.
2:26 of 2nd period - Shot Blocked by Cody Bass.
2:42 of 2nd period - Wrist shot by Boris Valabik.
2:42 of 2nd period - Stopped by Barry Brust without a rebound.
2:43 of 2nd period - Kyle Chipchura wins face-off versus Krys Kolanos in River Rats zone.
2:43 of 2nd period - Kyle Chipchura is hit by Krys Kolanos.
2:48 of 2nd period - Off-side.
2:49 of 2nd period - Kyle Chipchura wins face-off versus Krys Kolanos in neutral zone.
2:52 of 2nd period - Snap shot by Trent Hunter.
2:52 of 2nd period - Goal by Trent Hunter - River Rats : 3 - Little Stars : 1.
2:53 of 2nd period - Dustin Boyd wins face-off versus Patrick O'Sullivan in neutral zone.
2:56 of 2nd period - Tim Ramholt is hit by Josh Gratton and loses puck.
3:27 of 2nd period - Minor Penalty to Hugh Jessiman for Delaying the game.
3:27 of 2nd period - Minor Penalty to Bryan Bickell for Slashing.
3:28 of 2nd period - Patrick O'Sullivan wins face-off versus Tyler Bozak in River Rats zone.
3:33 of 2nd period - Slapshot by Patrick O'Sullivan.
3:33 of 2nd period - Stopped by Barry Brust with a rebound.
3:35 of 2nd period - Slapshot by Tim Ramholt.
3:35 of 2nd period - Shot Misses the Net.
3:37 of 2nd period - Slapshot by Greg Stewart.
3:37 of 2nd period - Deflect By Tyler Bozak.
3:37 of 2nd period - Stopped by Barry Brust without a rebound.
3:38 of 2nd period - Tyler Bozak wins face-off versus Patrick O'Sullivan in River Rats zone.
3:46 of 2nd period - Wrist shot by Patrick O'Sullivan.
3:46 of 2nd period - Stopped by Barry Brust with a rebound.
3:48 of 2nd period - Snap shot by Greg Stewart.
3:48 of 2nd period - Deflect By Patrick O'Sullivan.
3:48 of 2nd period - Shot Misses the Net.
3:48 of 2nd period - Puck is out of play.
3:49 of 2nd period - Tyler Bozak wins face-off versus Patrick O'Sullivan in River Rats zone.
3:58 of 2nd period - Snap shot by Lee Stempniak.
3:58 of 2nd period - Shot Misses the Net.
4:44 of 2nd period - Niklas Hjalmarsson is hit by Clay Wilson and loses puck.
5:27 of 2nd period - Penalty to Hugh Jessiman is over, Hugh Jessiman is back on ice.
5:27 of 2nd period - Penalty to Bryan Bickell is over, Bryan Bickell is back on ice.
5:55 of 2nd period - Wrist shot by Bryan Bickell.
5:55 of 2nd period - Shot Misses the Net.
6:11 of 2nd period - Wrist shot by Cody Bass.
6:11 of 2nd period - Stopped by Barry Brust with a rebound.
6:13 of 2nd period - Slapshot by Tim Ramholt.
6:13 of 2nd period - Shot Misses the Net.
6:15 of 2nd period - Wrist shot by Boris Valabik.
6:15 of 2nd period - Shot Blocked by Sasha Pokulok.
6:21 of 2nd period - Slapshot by Oskar Osala.
6:21 of 2nd period - Shot Blocked by Jonathan Ericsson.
6:23 of 2nd period - Snap shot by Cody Bass.
6:23 of 2nd period - Shot Misses the Net.
6:25 of 2nd period - Snap shot by Cody Bass.
6:25 of 2nd period - Deflect By Mikael Renberg.
6:25 of 2nd period - Shot Misses the Net.
6:25 of 2nd period - Puck is out of play.
6:26 of 2nd period - Patrick O'Sullivan wins face-off versus Dustin Boyd in River Rats zone.
7:29 of 2nd period - Wrist shot by Trent Hunter.
7:29 of 2nd period - Stopped by Philippe Sauvé without a rebound.
7:30 of 2nd period - Kyle Chipchura wins face-off versus Patrick O'Sullivan in Little Stars zone.
7:33 of 2nd period - Snap shot by Jesse Joensuu.
7:33 of 2nd period - Stopped by Philippe Sauvé with a rebound.
7:35 of 2nd period - Slapshot by Martin Grenier.
7:35 of 2nd period - Stopped by Philippe Sauvé without a rebound.
7:36 of 2nd period - Dustin Boyd wins face-off versus Krys Kolanos in Little Stars zone.
7:49 of 2nd period - Snap shot by Dustin Boyd.
7:49 of 2nd period - Shot Misses the Net.
7:51 of 2nd period - Wrist shot by Dustin Boyd.
7:51 of 2nd period - Stopped by Philippe Sauvé with a rebound.
8:27 of 2nd period - Slapshot by Trent Hunter.
8:27 of 2nd period - Stopped by Philippe Sauvé without a rebound.
8:28 of 2nd period - Krys Kolanos wins face-off versus Kyle Chipchura in Little Stars zone.
9:03 of 2nd period - Snap shot by Kyle Chipchura.
9:03 of 2nd period - Shot Misses the Net.
9:11 of 2nd period - Snap shot by Steve Regier.
9:11 of 2nd period - Stopped by Barry Brust without a rebound.
9:12 of 2nd period - Patrick O'Sullivan wins face-off versus Dustin Boyd in River Rats zone.
9:13 of 2nd period - Wrist shot by Greg Stewart.
9:13 of 2nd period - Shot Misses the Net.
9:44 of 2nd period - Snap shot by Brad Isbister.
9:44 of 2nd period - Stopped by Barry Brust without a rebound.
9:45 of 2nd period - Benn Ferriero wins face-off versus Cody Bass in River Rats zone.
9:47 of 2nd period - Minor Penalty to Jay Beagle for Holding.
9:48 of 2nd period - Patrick O'Sullivan wins face-off versus Kyle Chipchura in River Rats zone.
9:51 of 2nd period - Snap shot by Jack Skille.
9:51 of 2nd period - Shot Misses the Net.
10:13 of 2nd period - Mikael Renberg is hit by Krys Kolanos and loses puck.
11:47 of 2nd period - Penalty to Jay Beagle is over, Jay Beagle is back on ice.
12:04 of 2nd period - Slapshot by Brad Isbister.
12:04 of 2nd period - Shot Hit the Post.
12:06 of 2nd period - Slapshot by Ivan Majesky.
12:06 of 2nd period - Stopped by Barry Brust without a rebound.
12:07 of 2nd period - Josh Gratton wins face-off versus Matt D'Agostini in River Rats zone.
12:07 of 2nd period - Josh Gratton is hit by Cody Bass.
12:29 of 2nd period - Snap shot by Tyler Bozak.
12:29 of 2nd period - Shot Misses the Net.
12:31 of 2nd period - Slapshot by Sasha Pokulok.
12:31 of 2nd period - Shot Misses the Net.
12:33 of 2nd period - Snap shot by Brett Maclean.
12:33 of 2nd period - Goal by Brett Maclean - River Rats : 4 - Little Stars : 1.
12:33 of 2nd period - Alex Auld enters game.
12:34 of 2nd period - Krys Kolanos wins face-off versus Dustin Boyd in neutral zone.
12:42 of 2nd period - Snap shot by Dustin Boyd.
12:42 of 2nd period - Stopped by Alex Auld with a rebound.
12:44 of 2nd period - Slapshot by Dustin Boyd.
12:44 of 2nd period - Shot Blocked by Krys Kolanos.
12:46 of 2nd period - Snap shot by Josh Gratton.
12:46 of 2nd period - Deflect By Lee Stempniak.
12:46 of 2nd period - Shot Blocked by Boris Valabik.
12:46 of 2nd period - Puck is out of play.
12:47 of 2nd period - Krys Kolanos wins face-off versus Dustin Boyd in Little Stars zone.
12:52 of 2nd period - Slapshot by Lee Stempniak.
12:52 of 2nd period - Deflect By Dustin Boyd.
12:52 of 2nd period - Shot Misses the Net.
12:52 of 2nd period - Puck is out of play.
12:53 of 2nd period - Steve Regier wins face-off versus Dustin Boyd in Little Stars zone.
12:58 of 2nd period - Dustin Boyd is hit by Boris Valabik and loses puck.
13:09 of 2nd period - Slapshot by Dustin Boyd.
13:09 of 2nd period - Shot Misses the Net.
13:23 of 2nd period - Tim Ramholt is hit by Mikael Renberg and loses puck.
13:44 of 2nd period - Icing by Jay Beagle.
13:45 of 2nd period - Benn Ferriero wins face-off versus Krys Kolanos in River Rats zone.
13:58 of 2nd period - Slapshot by Martin Grenier.
13:58 of 2nd period - Stopped by Alex Auld without a rebound.
13:59 of 2nd period - Patrick O'Sullivan wins face-off versus Dustin Boyd in Little Stars zone.
14:44 of 2nd period - Off-side.
14:45 of 2nd period - Cody Bass wins face-off versus Benn Ferriero in neutral zone.
14:48 of 2nd period - Snap shot by Boris Valabik.
14:48 of 2nd period - Deflect By Brad Isbister.
14:48 of 2nd period - Stopped by Barry Brust with a rebound.
14:58 of 2nd period - Snap shot by Bryan Bickell.
14:58 of 2nd period - Shot Blocked by Tim Ramholt.
15:00 of 2nd period - Slapshot by Bryan Bickell.
15:00 of 2nd period - Shot Misses the Net.
15:02 of 2nd period - Slapshot by Sasha Pokulok.
15:02 of 2nd period - Stopped by Alex Auld without a rebound.
15:03 of 2nd period - Dustin Boyd wins face-off versus Patrick O'Sullivan in Little Stars zone.
15:03 of 2nd period - Minor Penalty to Jack Skille for Slashing.
15:04 of 2nd period - Krys Kolanos wins face-off versus Dustin Boyd in Little Stars zone.
15:40 of 2nd period - Krys Kolanos is hit by Josh Gratton and loses puck.
17:03 of 2nd period - Penalty to Jack Skille is over, Jack Skille is back on ice.
18:19 of 2nd period - Niklas Hjalmarsson is hit by Jack Skille and loses puck.
18:50 of 2nd period - Josh Meyers is hit by Jack Skille and loses puck.
18:58 of 2nd period - Icing by Bryan Rodney.
18:59 of 2nd period - Jesse Joensuu wins face-off versus Yanick Lehoux in River Rats zone.
19:34 of 2nd period - Icing by Matt Pelech.
19:35 of 2nd period - Brett Maclean wins face-off versus Patrick O'Sullivan in Little Stars zone.
19:46 of 2nd period - Wrist shot by Greg Stewart.
19:46 of 2nd period - Shot Misses the Net.
19:48 of 2nd period - Wrist shot by Jack Skille.
19:48 of 2nd period - Stopped by Barry Brust without a rebound.
19:49 of 2nd period - Dustin Boyd wins face-off versus Krys Kolanos in River Rats zone.
3rd period
0:01 of 3rd period - Dustin Boyd wins face-off versus Patrick O'Sullivan in neutral zone.
0:08 of 3rd period - Slapshot by Lee Stempniak.
0:08 of 3rd period - Shot Blocked by Boris Valabik.
0:10 of 3rd period - Snap shot by Josh Gratton.
0:10 of 3rd period - Stopped by Alex Auld with a rebound.
0:35 of 3rd period - Hugh Jessiman is hit by Brett Maclean and loses puck.
0:49 of 3rd period - Ivan Majesky is hit by Bryan Bickell.
1:58 of 3rd period - Slapshot by Benn Ferriero.
1:58 of 3rd period - Goal by Benn Ferriero - River Rats : 5 - Little Stars : 1.
1:59 of 3rd period - Patrick O'Sullivan wins face-off versus Dustin Boyd in neutral zone.
2:08 of 3rd period - Slapshot by Jack Skille.
2:08 of 3rd period - Stopped by Barry Brust without a rebound.
2:09 of 3rd period - Patrick O'Sullivan wins face-off versus Lee Stempniak in River Rats zone.
2:36 of 3rd period - Niklas Hjalmarsson is hit by Boris Valabik and loses puck.
2:49 of 3rd period - Snap shot by Greg Stewart.
2:49 of 3rd period - Shot Blocked by Josh Gratton.
2:51 of 3rd period - Wrist shot by Greg Stewart.
2:51 of 3rd period - Shot Blocked by Josh Gratton.
2:55 of 3rd period - Snap shot by Greg Stewart.
2:55 of 3rd period - Stopped by Barry Brust with a rebound.
2:57 of 3rd period - Slapshot by Tim Ramholt.
2:57 of 3rd period - Shot Misses the Net.
2:59 of 3rd period - Slapshot by Tim Ramholt.
2:59 of 3rd period - Deflect By Lee Stempniak.
2:59 of 3rd period - Stopped by Barry Brust with a rebound.
3:01 of 3rd period - Slapshot by Boris Valabik.
3:01 of 3rd period - Shot Blocked by Niklas Hjalmarsson.
3:03 of 3rd period - Slapshot by Jack Skille.
3:03 of 3rd period - Shot Misses the Net.
3:05 of 3rd period - Snap shot by Greg Stewart.
3:05 of 3rd period - Stopped by Barry Brust with a rebound.
3:17 of 3rd period - Wrist shot by Greg Stewart.
3:17 of 3rd period - Shot Misses the Net.
3:19 of 3rd period - Slapshot by Boris Valabik.
3:19 of 3rd period - Stopped by Barry Brust without a rebound.
3:20 of 3rd period - Krys Kolanos wins face-off versus Tyler Bozak in River Rats zone.
3:25 of 3rd period - Snap shot by Krys Kolanos.
3:25 of 3rd period - Stopped by Barry Brust with a rebound.
3:27 of 3rd period - Snap shot by Krys Kolanos.
3:27 of 3rd period - Shot Blocked by Brett Maclean.
3:29 of 3rd period - Snap shot by Krys Kolanos.
3:29 of 3rd period - Shot Blocked by Mikael Renberg.
3:50 of 3rd period - Slapshot by Steve Regier.
3:50 of 3rd period - Shot Misses the Net.
3:52 of 3rd period - Snap shot by Krys Kolanos.
3:52 of 3rd period - Goal by Krys Kolanos - River Rats : 5 - Little Stars : 2.
3:53 of 3rd period - Cody Bass wins face-off versus Benn Ferriero in neutral zone.
4:20 of 3rd period - Steve Regier is hit by Martin Grenier and loses puck.
4:31 of 3rd period - Snap shot by Krys Kolanos.
4:31 of 3rd period - Goal by Krys Kolanos - River Rats : 5 - Little Stars : 3.
4:32 of 3rd period - Patrick O'Sullivan wins face-off versus Tyler Bozak in neutral zone.
4:54 of 3rd period - Icing by Tyler Bozak.
4:55 of 3rd period - Krys Kolanos wins face-off versus Dustin Boyd in River Rats zone.
5:00 of 3rd period - Wrist shot by Krys Kolanos.
5:00 of 3rd period - Shot Misses the Net.
5:02 of 3rd period - Wrist shot by Steve Regier.
5:02 of 3rd period - Stopped by Barry Brust without a rebound.
5:03 of 3rd period - Dustin Boyd wins face-off versus Krys Kolanos in River Rats zone.
5:20 of 3rd period - Icing by Martin Grenier.
5:21 of 3rd period - Dustin Boyd wins face-off versus Patrick O'Sullivan in River Rats zone.
5:36 of 3rd period - Snap shot by Jack Skille.
5:36 of 3rd period - Stopped by Barry Brust without a rebound.
5:37 of 3rd period - Krys Kolanos wins face-off versus Tyler Bozak in River Rats zone.
6:09 of 3rd period - Snap shot by Niklas Hjalmarsson.
6:09 of 3rd period - Shot Blocked by Tim Ramholt.
6:54 of 3rd period - Wrist shot by Krys Kolanos.
6:54 of 3rd period - Deflect By Steve Regier.
6:54 of 3rd period - Stopped by Barry Brust without a rebound.
6:55 of 3rd period - Benn Ferriero wins face-off versus Krys Kolanos in River Rats zone.
7:18 of 3rd period - Minor Penalty to Sasha Pokulok for Roughing.
7:19 of 3rd period - Kyle Chipchura wins face-off versus Patrick O'Sullivan in River Rats zone.
7:28 of 3rd period - Kyle Chipchura is hit by Boris Valabik and loses puck.
9:18 of 3rd period - Penalty to Sasha Pokulok is over, Sasha Pokulok is back on ice.
9:30 of 3rd period - Snap shot by Benn Ferriero.
9:30 of 3rd period - Shot Misses the Net.
9:40 of 3rd period - Troy Bodie is hit by Niklas Hjalmarsson and loses puck.
10:15 of 3rd period - Oskar Osala is hit by Bryan Bickell and loses puck.
10:53 of 3rd period - Krys Kolanos is hit by Josh Gratton and loses puck.
11:12 of 3rd period - Jack Skille is hit by Niklas Hjalmarsson and loses puck.
11:17 of 3rd period - Snap shot by Trent Hunter.
11:17 of 3rd period - Shot Blocked by Boris Valabik.
11:19 of 3rd period - Slapshot by Jonathan Ericsson.
11:19 of 3rd period - Stopped by Alex Auld with a rebound.
11:50 of 3rd period - Josh Gratton is hit by Troy Bodie and loses puck.
12:40 of 3rd period - Slapshot by Tyler Bozak.
12:40 of 3rd period - Shot Misses the Net.
12:41 of 3rd period - Minor Penalty to Tyler Bozak for Hooking.
12:42 of 3rd period - Kyle Chipchura wins face-off versus Patrick O'Sullivan in River Rats zone.
12:55 of 3rd period - Wrist shot by Greg Stewart.
12:55 of 3rd period - Deflect By Jack Skille.
12:55 of 3rd period - Goal by Jack Skille - River Rats : 5 - Little Stars : 4.
12:56 of 3rd period - Patrick O'Sullivan wins face-off versus Dustin Boyd in neutral zone.
13:03 of 3rd period - Snap shot by Greg Stewart.
13:03 of 3rd period - Shot Misses the Net.
13:09 of 3rd period - Snap shot by Patrick O'Sullivan.
13:09 of 3rd period - Stopped by Barry Brust without a rebound.
13:10 of 3rd period - Tyler Bozak wins face-off versus Krys Kolanos in River Rats zone.
13:43 of 3rd period - Snap shot by Lee Stempniak.
13:43 of 3rd period - Stopped by Alex Auld with a rebound.
13:48 of 3rd period - Icing by Boris Valabik.
13:49 of 3rd period - Patrick O'Sullivan wins face-off versus Benn Ferriero in Little Stars zone.
15:02 of 3rd period - Minor Penalty to Yanick Lehoux for Holding.
15:02 of 3rd period - Minor Penalty to Bryan Bickell for Roughing.
15:03 of 3rd period - Patrick O'Sullivan wins face-off versus Tyler Bozak in River Rats zone.
15:48 of 3rd period - Slapshot by Josh Gratton.
15:48 of 3rd period - Stopped by Alex Auld without a rebound.
15:49 of 3rd period - Dustin Boyd wins face-off versus Patrick O'Sullivan in Little Stars zone.
16:13 of 3rd period - Wrist shot by Dustin Boyd.
16:13 of 3rd period - Shot Blocked by Patrick O'Sullivan.
16:15 of 3rd period - Slapshot by Josh Gratton.
16:15 of 3rd period - Deflect By Dustin Boyd.
16:15 of 3rd period - Shot Misses the Net.
16:15 of 3rd period - Puck is out of play.
16:16 of 3rd period - Tyler Bozak wins face-off versus Patrick O'Sullivan in Little Stars zone.
16:17 of 3rd period - Snap shot by Lee Stempniak.
16:17 of 3rd period - Stopped by Alex Auld without a rebound.
16:18 of 3rd period - Patrick O'Sullivan wins face-off versus Tyler Bozak in Little Stars zone.
16:33 of 3rd period - Snap shot by Jonathan Ericsson.
16:33 of 3rd period - Stopped by Alex Auld without a rebound.
16:34 of 3rd period - Tyler Bozak wins face-off versus Patrick O'Sullivan in Little Stars zone.
16:45 of 3rd period - Snap shot by Lee Stempniak.
16:45 of 3rd period - Stopped by Alex Auld with a rebound.
16:47 of 3rd period - Snap shot by Tyler Bozak.
16:47 of 3rd period - Shot Misses the Net.
16:57 of 3rd period - Snap shot by Steve Regier.
16:57 of 3rd period - Shot Misses the Net.
17:02 of 3rd period - Penalty to Yanick Lehoux is over, Yanick Lehoux is back on ice.
17:02 of 3rd period - Penalty to Bryan Bickell is over, Bryan Bickell is back on ice.
17:33 of 3rd period - Minor Penalty to Yanick Lehoux for Slashing.
17:34 of 3rd period - Dustin Boyd wins face-off versus Greg Stewart in Little Stars zone.
17:41 of 3rd period - Snap shot by Lee Stempniak.
17:41 of 3rd period - Stopped by Alex Auld without a rebound.
17:42 of 3rd period - Krys Kolanos wins face-off versus Lee Stempniak in Little Stars zone.
17:55 of 3rd period - Snap shot by Lee Stempniak.
17:55 of 3rd period - Stopped by Alex Auld with a rebound.
17:57 of 3rd period - Wrist shot by Dustin Boyd.
17:57 of 3rd period - Stopped by Alex Auld without a rebound.
17:58 of 3rd period - Dustin Boyd wins face-off versus Krys Kolanos in Little Stars zone.
17:59 of 3rd period - Snap shot by Lee Stempniak.
17:59 of 3rd period - Stopped by Alex Auld without a rebound.
18:00 of 3rd period - Dustin Boyd wins face-off versus Krys Kolanos in Little Stars zone.
18:31 of 3rd period - Slapshot by Jonathan Ericsson.
18:31 of 3rd period - Deflect By Lee Stempniak.
18:31 of 3rd period - Shot Blocked by Krys Kolanos.
18:31 of 3rd period - Puck is out of play.
18:32 of 3rd period - Tyler Bozak wins face-off versus Krys Kolanos in Little Stars zone.
18:43 of 3rd period - Snap shot by Tyler Bozak.
18:43 of 3rd period - Shot Misses the Net.
18:45 of 3rd period - Slapshot by Mikael Renberg.
18:45 of 3rd period - Shot Misses the Net.
19:33 of 3rd period - Penalty to Yanick Lehoux is over, Yanick Lehoux is back on ice.
Output by the SimonT Hockey Simulator (STHS) for François Prévost -- Original Page W3C XHTML 1.0 Valid